 Dungeon Crawl Stone Soup version 0.28.0-49-g6dfe1f597d (webtiles) character file.

Game seed: 1035090226669315553

51 Gabide the Sneak (level 3, 0/30 HPs)
             Began as a Barachi Delver on May 17, 2022.
             Slain by a gnoll
             ... wielding a +0 flail
              (1 damage)
             ... on level 7 of the Dungeon.
             The game lasted 00:06:46 (1035 turns).

Gabide the Sneak (Barachi Delver)                   Turns: 1035, Time: 00:06:46

Health: 0/30       AC:  4    Str: 15    XL:     3   Next: 81%
Magic:  3/3        EV: 12    Int: 10    God:
Gold:   37         SH:  0    Dex: 13    Spells: 2/2 levels left

rFire   . . .      SeeInvis .   a - +0 falchion (protect)
rCold   . . .      Faith    .   (no shield)
rNeg    . . .      Spirit   .   i - +2 robe of the Lotus Blossom {rPois}
rPois   +          Reflect  .   (no helmet)
rElec   .          Harm     .   (no cloak)
rCorr   .          Rampage  .   (no gloves)
Will    .....                   (no boots)
Stlth   +++.......              (no amulet)
HPRegen 0.10/turn               (no ring)
MPRegen 0.08/turn               (no ring)

@: unable to hop, slow
A: amphibious, slowness 1, strong legs 1, +LOS
a: Hop


You were on level 7 of the Dungeon.
You visited 1 branch of the dungeon, and saw 4 of its levels.

You collected 37 gold pieces.

Inventory:

Hand Weapons
 a - a +0 falchion of protection (weapon)
 d - a +0 hand crossbow
Armour
 b - a +0 leather armour
 i - the +2 robe of the Lotus Blossom (worn) {rPois}
   (You found it on level 4 of the Dungeon)

   rPois:     It protects you from poison.
Wands
 e - a wand of flame (14)
 g - a wand of digging (3)
Scrolls
 k - a scroll of identify {unknown}


   Skills:
 - Level 4.0 Fighting
 + Level 3.2 Long Blades
 - Level 3.0 Dodging
 * Level 4.9 Stealth


You had 2 spell levels left.
You didn't know any spells.
Your spell library was empty.

Dungeon Overview and Level Annotations

Branches:
Dungeon (7/15)             Temple (0/1) D:7

Altars:
Trog

Annotations:
D:6 Grinder


Innate Abilities, Weirdness & Mutations

You are amphibious.
You cover ground slowly.
You can hop short distances.
You have an extended range of vision and can be seen from far away.


Message History

You barely miss the gnoll.
The gnoll is moderately wounded.
The gnoll hits you with a +0 flail. x2
You completely miss the gnoll.
The gnoll is moderately wounded.
The gnoll shaman calls upon its god to heal the gnoll.
The gnoll's wounds heal themselves!
The gnoll hits you with a +0 flail.
You aren't carrying any potions.
Okay, then.
You aren't carrying any potions.
Okay, then.
Unknown command.
Unknown command.
You hit the gnoll but do no damage. You hit the gnoll shaman.
The gnoll shaman is moderately wounded.
The gnoll shaman closely misses you.
You barely miss the gnoll shaman.
The gnoll shaman is moderately wounded.
The gnoll shaman hits you but does no damage.
You closely miss the gnoll shaman.
The gnoll shaman is moderately wounded.
You hear the brisk hiss of a very distant avalanche of sand.
The gnoll shaman hits you with a +0 club.
* * * LOW HITPOINT WARNING * * *
Press: ? - help, v - describe, . - travel, g - get item
Here: a gnoll shaman, wielding a +0 club and wearing a +0 robe (blue smoke, moderately wounded) Item here: a +0 whip.
The floor, spattered with blood.
Unknown command.
Unknown command.
Hop to where?
Press: ? - help, Dir - move target
Found a scroll labelled ZOALICVATU, a book of Touch and 12 gold pieces.
Boing!
The gnoll closely misses you. The gnoll barely misses you.
The gnoll hits you from afar with a +0 spear!
* * * LOW HITPOINT WARNING * * *
The gnoll hits you with a +0 flail.
You die...

######..§§§.#
#...##..§.§.+
##...:+§§§...#
.....#§§§..$#
#....#§§§..##
#####...##§§§§.#
#......g.§######
##..>...g8.§.....
#......@ggg......
#.....>.⌠8......#
#...#...........#
......#..⌠8.......
......#...........
...?. #...........
##.# ######.....#
#. .....# . ..$..#


You could see a gnoll shaman and 4 gnolls.

Vanquished Creatures
  A bullfrog skeleton (D:7)
  A gnoll (D:7)
  A white imp (D:6)
  An adder skeleton (D:4)
  2 goblins (D:4)
6 creatures vanquished.

Notes
Turn   | Place    | Note
-------+----------+-------------------------------------------
     0 | D:5      | Gabide the Barachi Delver began the quest for the Orb.
     0 | D:5      | Reached XP level 1. HP: 18/18 MP: 1/1
     4 | D:5      | Noticed a wyvern zombie
    11 | D:5      | Noticed an ogre
    14 | D:5      | Noticed a water moccasin zombie
   299 | D:4      | Identified the +2 robe of the Lotus Blossom {rPois}
   450 | D:4      | You fall into a shaft and drop 2 floors!
   486 | D:6      | Reached XP level 2. HP: 14/25 MP: 2/2
   643 | D:6      | Noticed Grinder
   679 | D:7      | Found a bloodstained altar of Trog.
   687 | D:7      | HP: 1/25 [bullfrog skeleton (3)]
   694 | D:7      | HP: 1/25 [bullfrog skeleton (1)]
   729 | D:7      | HP: 1/25 [bullfrog skeleton (1)]
   738 | D:7      | Reached XP level 3. HP: 3/30 MP: 3/3
  1012 | D:7      | Found a staircase to the Ecumenical Temple.
  1035 | D:7      | HP: 1/30 [gnoll/+0 spear (7)]
  1035 | D:7      | Slain by a gnoll

Illustrated notes

Levels and vault maps discovered:
D:4:      layout_loops_cross, zin_statuary
D:5:      layout_rooms, nicolae_uskayaw_suspiria, nicolae_tso_carved_into_rock,
          xom_teletrap_fun
D:6:      layout_basic, serial_shops, nicolae_shop_trees, hex_intersection,
          uniq_edmund, uniq_grinder
D:7:      layout_gridville, tgw_sif, overflow_temple_1_default,
          minmay_temple_entry_drinking_statues, enter_ossuary_2,
          hangedman_decor_growths, uniq_menkaure

Skill      XL: |  1  2 |
---------------+-------+-----
Fighting       | 4 |  4.0
Long Blades    | 3 |  3.2
Dodging        | 3 |  3.0
Stealth        | |  4.9

Action                   || total
-------------------------++-------
Melee: Falchion          ||    44
 Abil: Hop               ||     3
Evoke: Wand              ||     3
  Use: Scroll            ||     5
       Potion            ||     2
 Stab: Sleeping          ||     2
Armor: Robe              ||    11
Dodge: Dodged            ||    40
